SA
PHOENIX HOTSPUR U-21 @ SYRACUSE STORM
05/02/2037
 
TOP OF THE 1ST
Phoenix Hotspur U-21 batting - Pitching for Syracuse Storm : RHP Carlos Simon
Pitching: RHP Carlos Simon
Batting: RHB Frank Ray 0-0: Ground out U3 (Groundball, 34, EV 81.9 MPH)
Batting: RHB Ronnie Wise 0-0: Called Strike
0-1: Swinging Strike
0-2: SINGLE (Line Drive, 78S, EV 113.1 MPH)
Batting: LHB Alfonso Ramírez 0-0: Called Strike
0-1: Foul Ball, location: 2F
0-2: Foul Ball, location: 2F
0-2: Foul Ball, location: 2F
0-2: Ball
1-2: Grounds into double play, 6-4-3 (Groundball, 6, EV 90.6 MPH)
Top of the 1st over - 0 runs, 1 hit, 0 errors, 0 left on base; Phoenix 0 - Syracuse 0
BOTTOM OF THE 1ST
Syracuse Storm batting - Pitching for Phoenix Hotspur U-21 : LHP Michael Esposito
Pitching: LHP Michael Esposito
Batting: LHB Wilson Hernández 0-0: Fly out, F3 (Line Drive, 3, EV 68.1 MPH)
Batting: RHB John Billings 0-0: Ball
1-0: Swinging Strike
1-1: Foul Ball, location: 2F
1-2: Fly out, F6 (Line Drive, 6, EV 70.0 MPH)
Batting: LHB Nikolai Volkoff 0-0: Called Strike
0-1: Ground out 4-3 (Groundball, 4, EV 87.5 MPH)
Bottom of the 1st over - 0 runs, 0 hits, 0 errors, 0 left on base; Phoenix 0 - Syracuse 0
TOP OF THE 2ND
Phoenix Hotspur U-21 batting - Pitching for Syracuse Storm : RHP Carlos Simon
Batting: RHB Nate Edwards 0-0: Ball
1-0: Ground out 6-3 (Groundball, 4M, EV 86.2 MPH)
Batting: LHB Daniel Joseph 0-0: Called Strike
0-1: Called Strike
0-2: Fly out, F8 (Flyball, 89M, EV 90.0 MPH)
Batting: RHB Matt Dunn 0-0: Ball
1-0: Ground out 5-3 (Groundball, 5L, EV 90.6 MPH)
Top of the 2nd over - 0 runs, 0 hits, 0 errors, 0 left on base; Phoenix 0 - Syracuse 0
BOTTOM OF THE 2ND
Syracuse Storm batting - Pitching for Phoenix Hotspur U-21 : LHP Michael Esposito
Batting: RHB Broderick Sarcoma 0-0: SINGLE (Groundball, 56, EV 98.8 MPH) (infield hit)
Batting: LHB Rick Newell 0-0: Ball
1-0: SINGLE (Groundball, 3L, EV 105.0 MPH) (infield hit)
Broderick Sarcoma to second
Batting: RHB Pat Kramer 0-0: Foul Ball, location: 2F
0-1: Called Strike
0-2: Ball
1-2: Fly out, F8 (Flyball, 8RM, EV 81.9 MPH)
Batting: RHB Rubén Plumey 0-0: Called Strike
0-1: Ball
1-1: Ball
2-1: Swinging Strike
2-2: Fly out, F8 (Line Drive, 8RM, EV 98.1 MPH)
Batting: LHB Brian Harmon 0-0: Called Strike
0-1: Called Strike
0-2: Strikes out looking
Bottom of the 2nd over - 0 runs, 2 hits, 0 errors, 2 left on base; Phoenix 0 - Syracuse 0
TOP OF THE 3RD
Phoenix Hotspur U-21 batting - Pitching for Syracuse Storm : RHP Carlos Simon
Batting: RHB Jesse McCoy 0-0: Fly out, F9 (Flyball, 9LM, EV 90.0 MPH)
Batting: RHB Tim Gray 0-0: Reached on error, E4 (Groundball, 4, EV 81.9 MPH)
Batting: RHB Sotatsu Kokawa 0-0: Ball
1-0: Foul Ball, location: 2F
1-1: SINGLE (Groundball, 34S, EV 71.2 MPH) (infield hit)
Tim Gray to third
Batting: RHB Frank Ray 0-0: Ball
Wild Pitch!
Tim Gray scores
Sotatsu Kokawa to second
1-0: Called Strike
1-1: Called Strike
1-2: Ball
2-2: Foul Ball, location: 2F
2-2: Strikes out swinging
Batting: RHB Ronnie Wise 0-0: Ball
1-0: Ball
2-0: Called Strike
2-1: Ball
3-1: Base on Balls
Batting: LHB Alfonso Ramírez 0-0: Foul Ball, location: 2F
0-1: Ball
1-1: Ball
2-1: SINGLE (Groundball, 34D, EV 95.0 MPH)
Sotatsu Kokawa to third
Ronnie Wise to second
Runner from 3rd tries for Home, SAFE, no throw by RF
Batting: RHB Nate Edwards 0-0: Ball
1-0: Called Strike
1-1: Ground out 4-3 (Groundball, 4, EV 97.5 MPH)
Top of the 3rd over - 2 runs, 2 hits, 1 error, 2 left on base; Phoenix 2 - Syracuse 0
BOTTOM OF THE 3RD
Syracuse Storm batting - Pitching for Phoenix Hotspur U-21 : LHP Michael Esposito
Batting: RHB Ace Felder 0-0: Fly out, F9 (Flyball, 9, EV 91.9 MPH)
Batting: LHB Wilson Hernández 0-0: Ball
1-0: Called Strike
1-1: Ball
2-1: Ground out 4-3 (Groundball, 4D, EV 107.5 MPH)
Batting: RHB John Billings 0-0: SINGLE (Groundball, 56D, EV 96.2 MPH)
Batting: LHB Nikolai Volkoff 0-0: Called Strike
0-1: Ball
1-1: Fly out, F3 (Popup, 3SF, EV 80.6 MPH)
Bottom of the 3rd over - 0 runs, 1 hit, 0 errors, 1 left on base; Phoenix 2 - Syracuse 0
TOP OF THE 4TH
Phoenix Hotspur U-21 batting - Pitching for Syracuse Storm : RHP Carlos Simon
Batting: LHB Daniel Joseph 0-0: Foul Ball, location: 2F
0-1: Ball
1-1: Foul Ball, location: 2F
1-2: Ball
2-2: Ball
3-2: SINGLE (Groundball, 34D, EV 97.5 MPH)
Batting: RHB Matt Dunn 0-0: Fly out, F8 (Line Drive, 8RM, EV 91.9 MPH)
Batting: RHB Jesse McCoy 0-0: Ball
1-0: Foul Ball, location: 2F
1-1: Ball
2-1: Foul Ball, location: 2F
2-2: Foul Ball, location: 2F
2-2: Foul Ball, location: 2F
2-2: Foul Ball, location: 2F
2-2: Fly out, F8 (Flyball, 8RS, EV 70.0 MPH)
Batting: RHB Tim Gray 0-0: Ball
1-0: Called Strike
1-1: Swinging Strike
Pickoff Throw to First - Out! 1-3
Top of the 4th over - 0 runs, 1 hit, 0 errors, 0 left on base; Phoenix 2 - Syracuse 0
BOTTOM OF THE 4TH
Syracuse Storm batting - Pitching for Phoenix Hotspur U-21 : LHP Michael Esposito
Batting: RHB Broderick Sarcoma 0-0: Foul Ball, location: 2F
0-1: Foul Ball, location: 2F
0-2: Foul Ball, location: 2F
0-2: Foul Ball, location: 2F
0-2: Strikes out swinging
Batting: LHB Rick Newell 0-0: Ball
1-0: Fly out, F8 (Flyball, 8LD, EV 98.8 MPH)
Batting: RHB Pat Kramer 0-0: Called Strike
0-1: Called Strike
0-2: Strikes out swinging
Bottom of the 4th over - 0 runs, 0 hits, 0 errors, 0 left on base; Phoenix 2 - Syracuse 0
TOP OF THE 5TH
Phoenix Hotspur U-21 batting - Pitching for Syracuse Storm : RHP Carlos Simon
Batting: RHB Tim Gray 0-0: Swinging Strike
0-1: Ball
1-1: Ball
2-1: Foul Ball, location: 2F
2-2: Strikes out swinging
Batting: RHB Sotatsu Kokawa 0-0: Ball
1-0: Swinging Strike
1-1: Foul Ball, location: 2F
1-2: Strikes out swinging
Batting: RHB Frank Ray 0-0: Fly out, F4 (Popup, 34S, EV 81.2 MPH)
Top of the 5th over - 0 runs, 0 hits, 0 errors, 0 left on base; Phoenix 2 - Syracuse 0
BOTTOM OF THE 5TH
Syracuse Storm batting - Pitching for Phoenix Hotspur U-21 : LHP Michael Esposito
Batting: RHB Rubén Plumey 0-0: Swinging Strike
0-1: Ground out 4-3 (Groundball, 34, EV 102.5 MPH)
Batting: LHB Brian Harmon 0-0: Swinging Strike
0-1: Fly out, F6 (Popup, 56D, EV 71.9 MPH)
Batting: RHB Ace Felder 0-0: Ball
1-0: Swinging Strike
1-1: Ball
2-1: Foul Ball, location: 2F
2-2: Ball
3-2: Strikes out looking
Bottom of the 5th over - 0 runs, 0 hits, 0 errors, 0 left on base; Phoenix 2 - Syracuse 0
TOP OF THE 6TH
Phoenix Hotspur U-21 batting - Pitching for Syracuse Storm : RHP Carlos Simon
Batting: RHB Ronnie Wise 0-0: Foul Ball, location: 2F
0-1: Ball
1-1: Fly out, F8 (Line Drive, 8LD, EV 90.0 MPH)
Batting: LHB Alfonso Ramírez 0-0: Swinging Strike
0-1: Ball
1-1: Foul Ball, location: 2F
1-2: Ball
2-2: Ball
3-2: Strikes out looking
Batting: RHB Nate Edwards 0-0: Swinging Strike
0-1: Ball
1-1: Swinging Strike
1-2: Ball
2-2: Foul Ball, location: 2F
2-2: Ball
3-2: Strikes out swinging
Top of the 6th over - 0 runs, 0 hits, 0 errors, 0 left on base; Phoenix 2 - Syracuse 0
BOTTOM OF THE 6TH
Syracuse Storm batting - Pitching for Phoenix Hotspur U-21 : LHP Michael Esposito
Batting: LHB Wilson Hernández 0-0: Called Strike
0-1: Ball
1-1: Ground out 4-3 (Groundball, 34D, EV 109.4 MPH)
Batting: RHB John Billings 0-0: Ball
1-0: Called Strike
1-1: Foul Ball, location: 2F
1-2: Strikes out swinging
Batting: LHB Nikolai Volkoff 0-0: Swinging Strike
0-1: Ball
1-1: Ball
2-1: Ground out 5-3 (Groundball, 56, EV 87.5 MPH)
Bottom of the 6th over - 0 runs, 0 hits, 0 errors, 0 left on base; Phoenix 2 - Syracuse 0
TOP OF THE 7TH
Phoenix Hotspur U-21 batting - Pitching for Syracuse Storm : RHP Carlos Simon
Batting: LHB Daniel Joseph 0-0: Ball
1-0: Foul Ball, location: 2F
1-1: Fly out, F6 (Popup, 6M, EV 76.9 MPH)
Batting: RHB Matt Dunn 0-0: Hit by Pitch
Pinch Hitting: LHB Ben Tyler 0-0: Swinging Strike
0-1: Ball
1-1: Ball
2-1: Foul Ball, location: 2F
2-2: Ball
3-2: Strikes out looking
Pitching: RHP Rich Young
Batting: RHB Tim Gray 0-0: Called Strike
0-1: Fly out, F9 (Flyball, 9, EV 92.5 MPH)
Top of the 7th over - 0 runs, 0 hits, 0 errors, 1 left on base; Phoenix 2 - Syracuse 0
BOTTOM OF THE 7TH
Syracuse Storm batting - Pitching for Phoenix Hotspur U-21 : LHP Michael Esposito
Now at 3B: Javier Flores
Batting: RHB Broderick Sarcoma 0-0: Called Strike
0-1: Foul Ball, location: 2F
0-2: Ball
1-2: Strikes out swinging
Batting: LHB Rick Newell 0-0: Called Strike
0-1: Ball
1-1: Foul Ball, location: 2F
1-2: Foul Ball, location: 2F
1-2: Foul Ball, location: 2F
1-2: Foul Ball, location: 2F
1-2: Ground out 6-3 (Groundball, 6, EV 85.0 MPH)
Batting: RHB Pat Kramer 0-0: Swinging Strike
0-1: Foul Ball, location: 2F
0-2: Ball
1-2: Ball
2-2: Foul Ball, location: 2F
2-2: Foul Ball, location: 2F
2-2: Ground out 6-3 (Groundball, 6, EV 83.1 MPH)
Bottom of the 7th over - 0 runs, 0 hits, 0 errors, 0 left on base; Phoenix 2 - Syracuse 0
TOP OF THE 8TH
Phoenix Hotspur U-21 batting - Pitching for Syracuse Storm : RHP Rich Young
Batting: RHB Sotatsu Kokawa 0-0: Ball
1-0: Ball
2-0: Fly out, F6 (Popup, 6MS, EV 81.9 MPH)
Batting: RHB Frank Ray 0-0: Ball
1-0: SINGLE (Groundball, 4MD, EV 108.8 MPH)
Batting: RHB Ronnie Wise 0-0: Ball
Frank Ray is caught stealing 2nd base 2-4
1-0: Foul Ball, location: 2F
1-1: SINGLE (Groundball, 5D, EV 101.9 MPH)
Batting: LHB Alfonso Ramírez 0-0: Swinging Strike
0-1: Ground out 4-3 (Groundball, 4, EV 103.8 MPH)
Top of the 8th over - 0 runs, 2 hits, 0 errors, 1 left on base; Phoenix 2 - Syracuse 0
BOTTOM OF THE 8TH
Syracuse Storm batting - Pitching for Phoenix Hotspur U-21 : LHP Michael Esposito
Batting: RHB Rubén Plumey 0-0: Called Strike
0-1: SINGLE (Line Drive, 78S, EV 94.4 MPH)
Batting: LHB Brian Harmon 0-0: Ball
1-0: Foul Ball, location: 2F
1-1: Foul Ball, location: 2F
1-2: Strikes out swinging
Batting: RHB Ace Felder 0-0: Foul Ball, location: 2F
0-1: Ball
1-1: Swinging Strike
1-2: Foul Ball, location: 2F
1-2: Strikes out looking
Batting: LHB Wilson Hernández 0-0: Foul Ball, location: 2F
0-1: Ball
Wild Pitch!
Rubén Plumey to second
1-1: SINGLE (Groundball, 6S, EV 71.2 MPH) (infield hit)
Rubén Plumey to third
Batting: RHB John Billings 0-0: Ball
1-0: Ball
2-0: Foul Ball, location: 2F
2-1: Fielders Choice at 2nd, 5-4 (Groundball, 56, EV 80.0 MPH)
Bottom of the 8th over - 0 runs, 2 hits, 0 errors, 2 left on base; Phoenix 2 - Syracuse 0
TOP OF THE 9TH
Phoenix Hotspur U-21 batting - Pitching for Syracuse Storm : RHP Rich Young
Batting: RHB Nate Edwards 0-0: Called Strike
0-1: Ball
1-1: Ball
2-1: Called Strike
2-2: Foul Ball, location: 2F
2-2: Strikes out swinging
Batting: LHB Daniel Joseph 0-0: Called Strike
0-1: Foul Ball, location: 2F
0-2: Ball
1-2: Fly out, F9 (Line Drive, 9LM, EV 103.1 MPH)
Batting: RHB Matt Dunn 0-0: Foul Ball, location: 2F
0-1: Ball
1-1: Called Strike
1-2: Foul Ball, location: 2F
1-2: Ball
2-2: Strikes out looking
Top of the 9th over - 0 runs, 0 hits, 0 errors, 0 left on base; Phoenix 2 - Syracuse 0
BOTTOM OF THE 9TH
Syracuse Storm batting - Pitching for Phoenix Hotspur U-21 : LHP Michael Esposito
Pitching: RHP Sean Neely
Batting: LHB Nikolai Volkoff 0-0: Ground out 4-3 (Groundball, 34, EV 105.6 MPH)
Batting: RHB Broderick Sarcoma 0-0: Ball
1-0: Ball
2-0: Called Strike
2-1: SINGLE (Groundball, 34D, EV 95.6 MPH)
Batting: LHB Rick Newell 0-0: Ball
1-0: Called Strike
1-1: Ball
2-1: Foul Ball, location: 2F
2-2: Strikes out swinging
Pinch Hitting: SHB Govaart Baars 0-0: Ball
1-0: Ball
2-0: Foul Ball, location: 2F
2-1: Swinging Strike
2-2: Strikes out swinging
Bottom of the 9th over - 0 runs, 1 hit, 0 errors, 1 left on base; Phoenix 2 - Syracuse 0
Thursday, January 23rd, 2020 - OOTP Baseball 20.8 Build 74